 Dungeon Crawl Stone Soup version 0.21.0 (webtiles) character file.

837 tidbits the Gusty (level 7, 46/46 HPs)
             Began as a Barachi Air Elementalist on Jan 6, 2018.
             Quit the game on level 6 of the Dungeon.
             The game lasted 00:21:08 (3727 turns).

tidbits the Gusty (Barachi Air Elementalist)        Turns: 3727, Time: 00:21:09

Health: 46/46      AC:  4    Str:  9    XL:     7   Next: 99%
Magic:  11/11      EV: 12    Int: 18    God:
Gold:   220        SH:  0    Dex: 12    Spells: 6/12 levels left

rFire    . . .     SeeInvis .   D - +3 whip (elec)
rCold    . . .     Gourm    .   (no shield)
rNeg     . . .     Faith    .   B - +0 robe
rPois    .         Spirit   .   (no helmet)
rElec    .         Reflect  .   (no cloak)
rCorr    .         Harm     .   G - +0 pair of gloves
MR       +....                  F - +0 pair of boots
Stlth    +++.......             J - amulet of regeneration
HPRegen  0.55/turn              h - ring of protection from magic
MPRegen  0.12/turn              y - ring of stealth

@: slow
A: +LOS, swims, slowness 1, strong legs 1
a: Hop


You were on level 6 of the Dungeon.
You were not hungry.

You visited 1 branch of the dungeon, and saw 7 of its levels.

You collected 220 gold pieces.

Inventory:

Hand Weapons
 a - a +0 club
 d - a +0 shortbow
 k - a +0 spear
 l - a +0 quarterstaff
 p - a +0 falchion
 r - a +1 war axe of chopping
   (You took it off an orc on level 5 of the Dungeon)
 v - a +3 hunting sling of freezing
   (You found it on level 5 of the Dungeon)
 C - a +3 short sword of venom
   (You took it off an orc on level 6 of the Dungeon)
 D - a +3 whip of electrocution (weapon)
   (You took it off an orc priest on level 6 of the Dungeon)
Missiles
 i - 59 arrows
 x - 73 stones (quivered)
 A - 6 tomahawks
Armour
 B - a +0 robe (worn)
 F - a +0 pair of boots (worn)
 G - a +0 pair of gloves (worn)
Jewellery
 e - an uncursed ring of resist corrosion
   (You found it on level 3 of the Dungeon)
 h - a ring of protection from magic (left hand)
   (You found it on level 1 of the Dungeon)
 w - an uncursed ring of protection from magic
   (You found it on level 5 of the Dungeon)
 y - a ring of stealth (right hand)
   (You found it on level 6 of the Dungeon)
 J - an amulet of regeneration (around neck)
   (You found it on level 6 of the Dungeon)
Wands
 t - a wand of acid (8)
Scrolls
 g - 3 scrolls of teleportation
 j - a scroll of fog
 m - 2 scrolls of enchant armour
 n - 2 scrolls of amnesia
 E - a scroll of remove curse
 H - a scroll of magic mapping {unknown}
 I - 2 scrolls of noise {unknown}
 K - a scroll of blinking
 L - a scroll of vulnerability {unknown}
Potions
 f - 5 potions of curing
 o - 2 potions of might {unknown}
 q - a potion of haste {unknown}
 s - 2 potions of lignification
 z - a potion of agility {unknown}
 M - a potion of flight
Books
 b - a book of Air

   Spells                             Type                      Level
   a - Shock                          Conjuration/Air              1
   b - Swiftness                      Charms/Air                   2
   c - Static Discharge               Conjuration/Air              3
   d - Airstrike                      Air                          4
   e - Lightning Bolt                 Conjuration/Air              5
 u - a book of Misfortune
   (You found it on level 5 of the Dungeon)

   Spells                             Type                      Level
   a - Confusing Touch                Hexes                        1
   b - Confuse                        Hexes                        3
   c - Gell's Gravitas                Translocation                3
   d - Petrify                        Transmutation/Earth          4
   e - Metabolic Englaciation         Hexes/Ice                    5
   f - Yara's Violent Unravelling     Hexes/Transmutation          5
Comestibles
 c - 10 rations


   Skills:
 - Level 2.1 Dodging
 - Level 1.7 Stealth
 - Level 3.3 Spellcasting
 + Level 6.4 Conjurations
 + Level 7.2 Air Magic


You had 6 spell levels left.
You knew the following spells:

 Your Spells              Type           Power        Failure   Level  Hunger
a - Shock                 Conj/Air       ####         1%          1    None
d - Static Discharge      Conj/Air       ####....     2%          3    ###....
W - Swiftness             Chrm/Air       ###.....     5%          2    ##.....


Dungeon Overview and Level Annotations

Branches:
Dungeon (7/15)
 Temple: D:4-7

Altars:
Dithmenos
Fedhas
Gozag
Yredelemnul

Annotations:
D:6 MirrMurr's ghost, novice GrBe


Innate Abilities, Weirdness & Mutations

Shadows flee at your approach. (+LOS)
You can swim through water.
You cover ground slowly.
You can hop short distances.


Message History

You destroy the bullfrog skeleton!
An adder skeleton comes into view.
The adder skeleton bites you.
The adder skeleton bites you but does no damage.
You hit the adder skeleton.
The adder skeleton is lightly damaged.
The adder skeleton barely misses you.
You whack the adder skeleton!
Lightning courses through the adder skeleton!
You destroy the adder skeleton!
No target in view!
No target in view!
x - 30 stones (gained 1)
You see here a dagger.
x - 31 stones (gained 1) All of the chunks of flesh in your inventory have rotted away.
x - 53 stones (gained 22)
s - 2 potions of lignification (gained 1)
You see here a mace.
You now have 220 gold pieces (gained 3).
There is an open door here.
There is an open door here.
There is an escape hatch in the floor here.
There is a stone staircase leading up here.
Things that are here:
a ring mail; a short sword
There is a stone staircase leading down here.
You open the door.
There is an open door here.
There is a basalt altar of Yredelemnul here.
There is an open door here.
Done exploring.
There is a stone staircase leading up here.
You are feeling hungry.
You can't go down here!
Unknown command.
There is a stone staircase leading down here.
You climb downwards.
Level annotation: MirrMurr's ghost, novice GrBe
There is a stone staircase leading up here.
i - 39 arrows (gained 1)
i - 40 arrows (gained 1)
Found an escape hatch in the ceiling.
The giant cockroach is too close now for your liking.
A giant cockroach is nearby!
The helpless giant cockroach fails to defend itself.
You hit the giant cockroach.
The giant cockroach is moderately wounded.
The giant cockroach barely misses you.
You hit the giant cockroach but do no damage.
Lightning courses through the giant cockroach!
You kill the giant cockroach!
No target in view!
No target in view!
A worker ant zombie comes into view.
A worker ant zombie is nearby!
You hit the worker ant zombie.
Lightning courses through the worker ant zombie!
The worker ant zombie is severely damaged.
The worker ant zombie bites you but does no damage.
You hit the worker ant zombie.
The worker ant zombie is almost destroyed.
The worker ant zombie barely misses you.
You hit the worker ant zombie.
Lightning courses through the worker ant zombie!
You destroy the worker ant zombie!
No target in view!
An orc comes into view.
The orc shouts!
An orc is nearby!
Found a stone staircase leading down.
The orc closely misses you.
You hit the orc. Lightning courses through the orc!
You kill the orc!
No target in view!
No target in view!
No target in view!
Found a pair of gloves.
Found a stone staircase leading down.
Found a robe.
You see here a pair of gloves.
There is a stone staircase leading down here.
i - 59 arrows (gained 19)
You see here a pair of gloves.
There is a stone staircase leading down here.
Found a whip.
f - 5 potions of curing (gained 1)
You are feeling very hungry.
You see here a robe.
You see here a pair of gloves.
You butcher the orc corpse.
N - 4 chunks of flesh Eating one of 4 chunks of flesh.
You eat one of the 4 chunks of flesh.
This raw flesh tastes terrible.
There is a stone staircase leading up here.
You see here a flail.
You see here a flail.
All of the chunks of flesh in your inventory have rotted away.
x - 73 stones (gained 20)
A centaur zombie is nearby!
Are you sure you want to abandon this character and quit the game? (Confirm with "yes".)

....#.#.... ....#####...#...## #
#..#.#########.########.#..##
#.##.# #..........<.##....†#
#.#... #.#####.####.##.###.#
#.#..) #.# !# #.##.# #.# #.#...
#.# ##.# #.##.# #.# #.# .# #.#
#.. #.##.# #.# #.##.# #.# #.#
#.##.# #.# #.##.# #.# #@# #.##.#
#.# ###.##.###.####.#####.##.#
#.#
#......##.............##.###.#
#.###..##.##.............#...###
#. #..#.....##.##########.#....
##.###..#.....##.# #.#.###
........#.._...#.# #.#.#
###.##...........######## #.#.#
#.#....Z....##.......># #.#.#


You could see a centaur zombie (wandering).

Vanquished Creatures
  An ice beast (D:6)
  A phantom (D:5)
  2 ogres
  A centaur (D:6)
  An orc priest (D:6)
  A bullfrog skeleton (D:5)
  3 orc wizards
  Natasha (D:2)
  A worker ant zombie (D:6)
  6 gnolls
  5 adders
  An ooze (D:5)
  2 worms (D:3)
  2 adder skeletons (D:5)
  2 dart slugs
  2 leopard geckos
  19 orcs
  2 ball pythons
  4 giant cockroaches
  2 goblins (D:1)
  8 hobgoblins
  9 jackals
  4 kobolds
  3 quokkas
  7 bats
  4 frilled lizards
  6 rats
100 creatures vanquished.

Notes
Turn   | Place    | Note
-------+----------+-------------------------------------------
     0 | D:1      | tidbits the Barachi Air Elementalist began the quest for the Orb.
     0 | D:1      | Reached XP level 1. HP: 13/13 MP: 3/3
   322 | D:1      | Reached XP level 2. HP: 19/19 MP: 2/5
   411 | D:1      | Reached skill level 3 in Spellcasting
   736 | D:2      | Reached XP level 3. HP: 16/24 MP: 0/7
   827 | D:2      | Noticed Natasha
   834 | D:2      | Killed Natasha
   834 | D:2      | Reached skill level 2 in Conjurations
   888 | D:1      | Reached XP level 4. HP: 15/30 MP: 4/8
   892 | D:1      | Learned a level 2 spell: Swiftness
   896 | D:1      | Learned a level 3 spell: Static Discharge
  1011 | D:2      | Reached skill level 4 in Air Magic
  1386 | D:3      | Reached skill level 3 in Conjurations
  1448 | D:3      | Reached XP level 5. HP: 31/35 MP: 4/9
  1890 | D:3      | Reached skill level 5 in Air Magic
  2081 | D:4      | Found an opulent altar of Gozag.
  2132 | D:4      | Reached skill level 4 in Conjurations
  2132 | D:4      | Reached XP level 6. HP: 41/41 MP: 6/10
  2189 | D:5      | Entered Level 5 of the Dungeon
  2401 | D:5      | Noticed a phantom
  2455 | D:5      | Killed a phantom
  2455 | D:5      | Reached skill level 5 in Conjurations
  2455 | D:5      | Reached skill level 6 in Air Magic
  2455 | D:5      | Reached XP level 7. HP: 26/46 MP: 0/11
  2544 | D:5      | Found a shadowy altar of Dithmenos.
  2697 | D:6      | Found a blossoming altar of Fedhas.
  2697 | D:6      | Noticed MirrMurr's ghost (novice GrBe)
  2926 | D:5      | Found a basalt altar of Yredelemnul.
  3078 | D:4      | Reached skill level 6 in Conjurations
  3144 | D:4      | Reached skill level 7 in Air Magic
  3727 | D:6      | Quit the game

Skill      XL: |  1  2  3  4  5  6  7 |
---------------+----------------------+-----
Spellcasting   | 3 |  3.3
Conjurations   | 2 3 4 5 6 |  6.4
Air Magic      | 4 5 6 7 |  7.2
Dodging        | |  2.1
Stealth        | |  1.7

Action                   |  1- 3 |  4- 6 |  7- 9 || total
-------------------------+-------+-------+-------++-------
Melee: Whip              |       |       |    39 ||    39
       Unarmed           |       |       |    14 ||    14
Throw: Stone             |       |     1 |       ||     1
 Cast: Shock             |    37 |   112 |    10 ||   159
       Static Discharge  |       |       |     6 ||     6
  Use: Potion            |     1 |       |     1 ||     2
       Scroll            |       |     7 |     7 ||    14
 Stab: Sleeping          |       |       |     1 ||     1
  Eat: Chunk             |     1 |     5 |     5 ||    11
       Ration            |     1 |       |       ||     1
Armor: Robe              |    18 |    14 |    12 ||    44
       Skin              |       |       |    14 ||    14
Dodge: Dodged            |    38 |    56 |    35 ||   129

Table legend:
 A = Turns spent in this place as a percentage of turns spent in the entire game.
 B = Non-inter-level travel turns spent in this place as a percentage of non-inter-level travel turns spent in the entire game.
 C = Inter-level travel turns spent in this place as a percentage of turns spent in this place.
 D = Turns resting spent in this place as a percentage of non-inter-level travel turns spent in this place.
 E = Turns spent auto-exploring this place as a percentage of non-inter-level travel turns spent in this place.
 F = Non-inter-level travel turns spent in this place divided by the number of levels of this place that you've seen.
                   A       B       C       D       E      F
               +-------+-------+-------+-------+-------+----------------------
         Total | 100.0 | 100.0 |   4.3 |   0.5 |  12.4 | 509.7
       Dungeon | 100.0 | 100.0 |   4.3 |   0.5 |  12.4 | 509.7
               +-------+-------+-------+-------+-------+----------------------

Table legend:
 A = Kills in this place as a percentage of kills in entire the game.
 B = Kills by you in this place as a percentage of kills by you in the entire game.
 C = Kills by friends in this place as a percentage of kills by friends in the entire game.
 D = Other kills in this place as a percentage of other kills in the entire game.
 E = Experience gained in this place as a percentage of experience gained in the entire game.
 F = Experience gained in this place divided by the number of levels of this place that you have seen.
                   A       B       C       D       E      F
               +-------+-------+-------+-------+-------+----------------------
         Total | 100.0 | 100.0 |   N/A |   N/A | 100.0 | 171.0
       Dungeon | 100.0 | 100.0 |   N/A |   N/A | 100.0 | 171.0
               +-------+-------+-------+-------+-------+----------------------

Vault maps used:
D:1:      elethiomel_arrival_infinity_welcomes_careful_drivers,
          minmay_tromino_i4
D:2:      lemuel_round_altar, uniq_natasha
D:3:      first_ration
D:4:      kennysheep_mini, nicolae_gozag_cash_rules_everything_around_me
D:5:      kennysheep_little_box, abandoned_shop, grunt_dithmenos_shadows
D:6:      kennysheep_vampire_church, basic_altar
D:7:      grunt_temple_overflow_open, nicolae_overflow_crystal_walls,
          minmay_temple_entry_purple_smoke, serial_shops, shop
